 Dungeon Crawl Stone Soup version 0.18.1-50-g88ac8fd (webtiles) character file.

389 Gargoyl the Covered (level 6, -3/48 HPs)
             Began as a Demonspawn Abyssal Knight on Sept 21, 2016.
             Was a Believer of Lugonu.
             Slain by a gnoll
             ... wielding a cursed -1 halberd
              (6 damage)
             ... on level 5 of the Dungeon.
             The game lasted 00:06:50 (5609 turns).

Gargoyl the Covered (Demonspawn Abyssal Knight)     Turns: 5609, Time: 00:06:52

Health: -3/48      AC:  9    Str: 13 (14) XL:     6   Next: 50%
Magic:  9/9        EV:  3    Int: 13      God:    Lugonu [**....]
Gold:   297        SH:  7    Dex: 13      Spells: 0 memorised, 5 levels left

rFire  . . .     SeeInvis .     a - +1 hand axe
rCold  . . .     Gourm    .     d - +0 chain mail
rNeg   . . .     Faith    .     v - +0 shield
rPois  .         Spirit   .     (no helmet)
rElec  .         Dismiss  .     (no cloak)
rCorr  .         Reflect  .     (no gloves)
SustAt .         Harm     .     (no boots)
MR     .....                    (no amulet)
Stlth  ..........               (no ring)
                                (no ring)

@: lethally poisoned (-3 -> -5), not resistant to hostile enchantments,
extremely unstealthy
A: talons 1, nightstalker 1, rot immunity
a: Depart the Abyss, Bend Space, Renounce Religion


You were on level 5 of the Dungeon.
You worshipped Lugonu.
Lugonu was pleased with you.
You were not hungry.

You visited 1 branch of the dungeon, and saw 5 of its levels.
You visited the Abyss 1 time.

You collected 297 gold pieces.

Inventory:

Hand Weapons
 a - a +1 hand axe (weapon)
Armour
 d - a +0 chain mail (worn)
 v - a +0 shield (worn)
Jewellery
 h - an uncursed ring of flight
Wands
 g - a wand of slowing (33/48)
 u - a wand of teleportation (5/9)
Scrolls
 e - 2 scrolls of identify
 k - 2 scrolls of fog
 l - a scroll of magic mapping
 m - 3 scrolls of remove curse
 n - 2 scrolls of blinking
 r - a scroll of amnesia
Potions
 j - a potion of resistance
 p - a potion of haste {unknown}
Comestibles
 c - 6 bread rations
 q - a slice of pizza
 s - a meat ration


   Skills:
 + Level 3.9 Fighting
 + Level 2.8 Axes
 * Level 4.6 Armour
 + Level 1.9 Dodging
 * Level 4.0 Invocations


You had 5 spell levels left.
You didn't know any spells.

Dungeon Overview and Level Annotations

Branches:
Dungeon (5/15)
 Temple: D:4-7

Altars:
Cheibriados
Elyvilon
Fedhas
Gozag
Kikubaaqudgha
Makhleb
Okawaru
Trog
Vehumet

Shops:
D:5 }


Innate Abilities, Weirdness & Mutations

You have sharp toenails.
You are slightly more attuned to the shadows.
You are immune to rotting.


Message History

You feel better. The adder bites you.
You are poisoned.
The adder poisons you! The gnoll hits you but does no damage.
You slash the adder!
You kill the adder!
Lugonu accepts your kill.
You feel sick. You block the gnoll's attack. x2
You hit the gnoll. Your kick misses the gnoll.
The gnoll is lightly wounded.
You feel sick.
The gnoll hits you from afar with an enchanted halberd!
* * * LOW HITPOINT WARNING * * *
The gnoll hits you but does no damage. You block the gnoll's attack.
You hit the gnoll. You claw the gnoll, but do no damage.
The gnoll is moderately wounded.
The gnoll hits you with a whip.
* * * LOW HITPOINT WARNING * * *
You block the gnoll's attack.
The gnoll hits you from afar with an enchanted halberd.
You die...

########### #..........
##.######### ###### #........#
#....# #..#####.# #.##.#
#..#####.##
#.##.#######(...##...##
##.##.#.............#...
##..##.#@#####.##.##...#.
##.#.##g#g#####.##.###>##.
*#######.##..#.ggg...............
,.......##..g..........##.###.#..
*#######.##..###.######*#.# #.#..
,,........#.## #.#*** #.###.#..
,*###......## #..,,* #.......# ,*
#.####.# ####,* ##.##..## ** #.*
##.## *,* #.##....


You could see 4 gnolls.

Vanquished Creatures
  2 scorpions
  A giant frog skeleton (D:4)
  An iguana (D:4)
  4 worker ants
  A hound skeleton (D:4)
  3 adders
  3 oozes (D:4)
  3 worms
  5 dart slugs
  3 giant geckos
  8 orcs
  2 ball pythons
  6 bats
  5 giant cockroaches
  6 goblins
  5 hobgoblins
  A quokka (D:2)
  5 giant newts
  5 kobolds
  6 rats
75 creatures vanquished.

Notes
Turn   | Place    | Note
--------------------------------------------------------------
     0 | Abyss:1  | Gargoyl the Demonspawn Abyssal Knight began the quest for the Orb.
     0 | Abyss:1  | Reached XP level 1. HP: 18/18 MP: 2/2
    28 | Abyss:1  | Found a bloodstained altar of Trog.
    80 | Abyss:2  | Noticed a small abomination
    97 | Abyss:2  | Noticed a worldbinder
   101 | Abyss:2  | Noticed a human
   101 | Abyss:2  | Noticed a yaktaur
   101 | Abyss:2  | Noticed an ironheart preserver
   101 | D:1      | Escaped the Abyss
   357 | D:1      | Reached skill level 1 in Dodging
   551 | D:1      | Gained mutation: You are immune to rotting. [demonic ancestry]
   551 | D:1      | Reached XP level 2. HP: 17/24 MP: 3/3
  1232 | D:1      | Reached * piety under Lugonu
  1659 | D:2      | Found a bloodstained altar of Trog.
  1663 | D:2      | Gained mutation: You are slightly more attuned to the shadows. [demonic ancestry]
  1663 | D:2      | Reached XP level 3. HP: 24/29 MP: 5/5
  1900 | D:2      | Found an iron altar of Okawaru.
  2138 | D:2      | Found an ancient bone altar of Kikubaaqudgha.
  2148 | D:2      | Found a radiant altar of Vehumet.
  2550 | D:3      | Found a burning altar of Makhleb.
  2625 | D:3      | Found a snail-covered altar of Cheibriados.
  3189 | D:3      | Reached XP level 4. HP: 34/35 MP: 6/6
  3272 | D:3      | Found an opulent altar of Gozag.
  3390 | D:4      | Found a blossoming altar of Fedhas.
  3649 | D:4      | Found a white marble altar of Elyvilon.
  3667 | D:4      | Reached XP level 5. HP: 15/42 MP: 7/7
  4466 | D:4      | Gained mutation: You have sharp toenails. [demonic ancestry]
  4466 | D:4      | Reached XP level 6. HP: 45/48 MP: 9/9
  4489 | D:4      | Reached ** piety under Lugonu
  4928 | D:5      | Entered Level 5 of the Dungeon
  4928 | D:5      | Found Cobbuno's Gadget Shop.
  5609 | D:5      | Slain by a gnoll

Skill      XL: |  1  2  3  4  5 |
---------------+----------------+-----
Dodging        | 1 |  1.9
Armour         | 2 3 4 |  4.6
Invocations    | 3 4 |  4.0
Axes           | 2 |  2.8
Fighting       | |  3.9

Action                   |  1- 3 |  4- 6 || total
-------------------------+-------+-------++-------
Melee: Battleaxe         |   213 |    86 ||   299
       Hand axe          |     1 |    32 ||    33
       Kick              |       |    12 ||    12
Invok: Depart the Abyss  |     1 |       ||     1
  Use: Potion            |       |    10 ||    10
       Scroll            |       |    10 ||    10
  Eat: Chunk             |     3 |     8 ||    11
       Bread ration      |     1 |       ||     1
Armor: Chain mail        |   212 |    67 ||   279
Dodge: Dodged            |    89 |    47 ||   136
Block: Shield            |       |    18 ||    18
